 Dungeon Crawl Stone Soup version 0.30.0-5-g1a98f26d00 (webtiles) character file.

Game seed: 6992357068599827773

5448 SnakkuSnakku7 the Transmogrifier (level 10, -2/61 HPs)
             Began as a Deep Elf Transmuter on May 11, 2023.
             Was a Priest of Cheibriados.
             Slain by a death yak (7 damage)
             ... on level 8 of the Dungeon.
             The game lasted 00:23:24 (8703 turns).

SnakkuSnakku7 the Transmogrifier (DETm)             Turns: 8703, Time: 00:23:24

Health: -2/61      AC: 11    Str: 14    XL:     10   Next: 41%
Magic:  21/21      EV: 11    Int: 30    God:    Cheibriados [***...]
Gold:   59         SH:  0    Dex: 28    Spells: 13/21 levels left

rFire   x .          .
                       - Unarmed
rCold   + + +        (shield currently unavailable)
rNeg    . . .        L - melded +0 troll leather armour
rPois   +            E - melded +1 helmet {Int+3}
rElec   .            t - melded +0 cloak
rCorr   .            K - melded +0 pair of gloves
SInv    +            J - melded +0 pair of boots
Will    +....        B - amulet of regeneration
Stlth   ++           b - +6 ring of dexterity
HPRegen 1.10/turn    v - ring of see invisible
MPRegen 0.17/turn

%: no passive effects
@: ice-form, very slow
A: freezing attack, amphibious, boosted hp, large
a: End Transformation, Renounce Religion, Bend Time, Temporal Distortion


You were on level 8 of the Dungeon.
You worshipped Cheibriados.
Cheibriados was most pleased with you.
You were a creature of crystalline ice.
You visited 1 branch of the dungeon, and saw 8 of its levels.
You also visited: Sewer.

You collected 465 gold pieces.
You spent 406 gold pieces at shops.

Inventory:

Armour
 a - +0 swamp dragon scales
 t - a +0 cloak (melded)
 A - a +2 ring mail of willpower
 E - a +1 helmet of intelligence (melded)
 G - +0 steam dragon scales
 J - a +0 pair of boots (melded)
 K - a +0 pair of gloves (melded)
 L - a +0 troll leather armour (melded)
Jewellery
 b - a +6 ring of dexterity (left front paw)
 g - a ring of protection from cold
 v - a ring of see invisible (right front paw)
 w - a ring of poison resistance
 B - an amulet of regeneration (around neck)
Wands
 d - a wand of flame (44)
 u - a wand of polymorph (10)
 y - a wand of iceblast (23)
Scrolls
 e - a scroll of fear
 i - 2 scrolls of magic mapping
 j - a scroll of enchant weapon
 k - 5 scrolls of fog
 m - 3 scrolls of amnesia
 o - 5 scrolls of blinking {unknown}
 p - 3 scrolls of immolation
 r - 2 scrolls of vulnerability
 s - a scroll of teleportation
 z - a scroll of poison
Potions
 c - 5 potions of mutation
 f - 6 potions of flight
 h - 2 potions of attraction
 l - a potion of might
 n - 3 potions of resistance
 x - a potion of magic
 C - a potion of cancellation
 D - 4 potions of curing
 F - a potion of lignification


   Skills:
 - Level 0.7 Fighting
 - Level 2.4 Dodging
 - Level 5.0 Unarmed Combat
 + Level 6.4 Spellcasting
 - Level 10.0 Transmutations
 - Level 4.0 Ice Magic
 - Level 10.0 Air Magic
 - Level 2.0 Poison Magic


You had 13 spell levels left.
You knew the following spells:

 Your Spells              Type           Power      Damage    Failure   Level
a - Beastly Appendage     Tmut           100%       N/A       1%          1
b - Spider Form           Tmut/Pois      45%        N/A       1%          3
c - Ice Form              Ice/Tmut       51%        N/A       2%          4

Your spell library contained the following spells:

 Spells                   Type           Power      Damage    Failure   Level
 Wereblood                Tmut           62%        N/A       1%          2
 Vhi's Electric Charge    Tloc/Air       78%        N/A       1%          3
 Blink                    Tloc           18%        N/A       8%          2
 Arcjolt                  Conj/Air       19%        1d29      19%         5
 Manifold Assault         Tloc           9%         N/A       45%         4
 Storm Form               Tmut/Air       31%        N/A       56%         7
 Maxwell's Capacitive Co  Air            31%        ∞         99%         8


Dungeon Overview and Level Annotations

Branches:
Dungeon (8/15)             Temple (0/1) D:6            Lair (0/5) D:8
  Sewer (visited)

Altars:
Ashenzari
Cheibriados
Dithmenos
Elyvilon
Fedhas
Makhleb
Nemelex Xobeh
Sif Muna
Trog
Vehumet
Wu Jian

Shops:
D:4 ?   D:8 ![*=:

Annotations:
D:5 2 transporters, Orangeyouglad's ghost, novice HuWn
D:8 exclusion: steam dragon


Message History

Unknown command.
Unknown command.
You punch the death yak! You freeze the death yak.
The death yak is moderately wounded.
The death yak gores you but does no damage.
You hit the death yak. You freeze the death yak.
The death yak is moderately wounded.
The death yak barely misses you.
You hit the death yak but do no damage.
The death yak is moderately wounded.
The death yak misses you.
You hit the death yak. You freeze the death yak.
The death yak is moderately wounded.
The death yak gores you!
You hit the death yak but do no damage.
The death yak is moderately wounded.
The death yak gores you.
You hit the death yak but do no damage.
The death yak is moderately wounded.
The death yak gores you but does no damage.
You hit the death yak. You freeze the death yak.
The death yak is heavily wounded.
The death yak gores you!!
You hit the death yak. You freeze the death yak.
The death yak is heavily wounded.
The death yak gores you.
You hit the death yak. You freeze the death yak.
The death yak is heavily wounded.
You hit the death yak but do no damage.
The death yak is heavily wounded.
Your butterfly disappears in a burst of colours!
The death yak gores you but does no damage.
You hit the death yak. You freeze the death yak.
The death yak is severely wounded.
The death yak gores you!!
* * * LOW HITPOINT WARNING * * *
You punch the death yak! You freeze the death yak.
The death yak is almost dead.
The death yak gores you!
You die...

##....b########.##..###.#
#...........Y.........#.####
##.....########..b..........
##..b## #.>....)#.####
##)#### #.........# #.)Y.#
#.........# ####.#
#.........####
#.#######.............
#...YY...>#######.####
#########.#######.####
#...............†...
#.#####.#.#.###.#### #.#
#.#.......# #.#
#.#...######## #.#
#............# #.#
###........... #.#
#..######..


You could see a death yak.

Vanquished Creatures
  Erica (D:8)
  2 death yaks (D:8)
  Maggie (D:8)
  A troll (D:8)
  A slime creature (D:6)
  A yak (D:8)
  2 steam dragons
  An acid dragon (D:8)
  4 ice beasts
  A sky beast (D:7)
  2 ogres (D:7)
  2 black bears
  A phantom (D:5)
  2 kobold brigands (D:7)
  2 bullfrogs
  2 scorpions (D:6)
  7 killer bees
  A hound (D:3)
  2 orc priests
  2 sleepcaps (D:7)
  9 jellies
  Terence (D:2)
  Natasha (thrice) (D:2)
  An iguana (D:5)
  An orc wizard (D:7)
  The ghost of FrenchFrogFromFrance the Chopper, a weakling MiBe of Trog (D:3)
  4 gnolls (D:2)
  12 adders
  7 river rats (Sewer)
  3 white imps
  3 ufetubi
  4 worms
  4 dart slugs
  22 orcs
  15 ball pythons
  19 endoplasms
  6 giant cockroaches
  6 goblins
  10 hobgoblins
  3 jackals (D:1)
  12 kobolds
  6 quokkas
  13 bats
  2 frilled lizards (Sewer)
  10 rats
215 creatures vanquished.

Notes
Turn   | Place    | Note
-------+----------+-------------------------------------------
     0 | D:1      | SnakkuSnakku7 the Deep Elf Transmuter began the quest for
                  | the Orb.
     0 | D:1      | Reached XP level 1. HP: 11/11 MP: 6/6
   252 | D:1      | Reached XP level 2. HP: 14/16 MP: 6/8
   908 | D:2      | Reached XP level 3. HP: 19/20 MP: 9/9
   927 | D:2      | Learned a level 3 spell: Spider Form
  1044 | D:2      | Noticed Natasha
  1048 | D:2      | Killed Natasha
  1049 | D:2      | Reached skill level 1 in Poison Magic
  1232 | D:2      | Reached XP level 4. HP: 23/24 MP: 8/10
  1396 | D:2      | Noticed Natasha
  1577 | D:2      | Learned a level 4 spell: Ice Form
  1816 | D:2      | Killed Natasha
  1898 | D:2      | Noticed Natasha
  1904 | D:2      | Killed Natasha
  1905 | D:2      | Reached XP level 5. HP: 18/28 MP: 7/11
  1943 | D:2      | Noticed Terence
  1965 | D:2      | Killed Terence
  2356 | D:3      | Noticed FrenchFrogFromFrance's ghost (weakling MiBe)
  2423 | D:3      | Found a glowing drain.
  2433 | Sewer    | Entered a sewer
  2908 | Sewer    | Reached XP level 6. HP: 21/33 MP: 9/12
  3275 | D:3      | Found a runed translucent gate.
  3275 | D:3      | Found a runed translucent gate.
  3284 | D:3      | Found a runed translucent gate.
  3686 | D:4      | Reached skill level 1 in Ice Magic
  3763 | D:4      | Found an ornate altar of the Wu Jian Council.
  3910 | D:4      | Found Niosy's Magic Scroll Boutique.
  3917 | D:4      | Bought a scroll of fear for 44 gold pieces
  3917 | D:4      | Bought 2 scrolls of fog for 88 gold pieces
  3917 | D:4      | Bought a scroll of identify for 22 gold pieces
  3917 | D:4      | Bought a scroll of identify for 22 gold pieces
  3934 | D:4      | Identified the +1 whip of Skirmishing {antimagic, Fly}
  4408 | D:5      | Entered Level 5 of the Dungeon
  4634 | D:5      | Found a transporter.
  4643 | D:5      | Noticed Orangeyouglad's ghost (novice HuWn)
  4649 | D:5      | Found a transporter.
  4734 | D:5      | Reached skill level 5 in Unarmed Combat
  4734 | D:5      | Reached XP level 7. HP: 34/37 MP: 9/13
  4923 | D:5      | Found a snail-covered altar of Cheibriados.
  4924 | D:5      | Found a blossoming altar of Fedhas.
  4926 | D:5      | Found a shimmering blue altar of Sif Muna.
  4927 | D:5      | Found a white marble altar of Elyvilon.
  4927 | D:5      | Found a shadowy altar of Dithmenos.
  4927 | D:5      | Found a broken altar of Ashenzari.
  4928 | D:5      | Found a burning altar of Makhleb.
  4937 | D:5      | Became a worshipper of Cheibriados the Contemplative
  5009 | D:5      | Reached skill level 5 in Transmutations
  5350 | D:3      | Killed FrenchFrogFromFrance's ghost
  5504 | D:6      | Found a staircase to the Ecumenical Temple.
  5613 | D:6      | You fall into a shaft and drop 2 floors!
  5613 | D:8      | Found a radiant altar of Vehumet.
  5651 | D:8      | Found Womydgh's Armour Shop.
  5658 | D:8      | Bought a +1 helmet of intelligence for 181 gold pieces
  5670 | D:8      | Noticed a steam dragon
  5723 | D:8      | Found a sparkling altar of Nemelex Xobeh.
  5750 | D:8      | Reached XP level 8. HP: 42/42 MP: 9/14
  5751 | D:8      | Reached skill level 1 in Air Magic
  5795 | D:8      | Noticed Erica
  5900 | D:7      | Reached * piety under Cheibriados
  6140 | D:6      | Noticed a slime creature
  6469 | D:6      | Killed a slime creature
  6474 | D:6      | Reached ** piety under Cheibriados
  7182 | D:7      | Reached skill level 5 in Air Magic
  7182 | D:7      | Reached XP level 9. HP: 46/46 MP: 10/15
  7354 | D:7      | Found a bloodstained altar of Trog.
  7768 | D:8      | Bought a +0 pair of gloves for 49 gold pieces
  7793 | D:8      | Reached skill level 10 in Transmutations
  7793 | D:8      | Noticed Maggie
  7793 | D:8      | Noticed a death yak
  7795 | D:8      | Noticed a death yak
  7796 | D:8      | Noticed a death yak
  7799 | D:8      | Noticed a death yak
  7834 | D:8      | Found Vila's Distillery.
  7835 | D:8      | Noticed a death yak
  7836 | D:8      | Noticed a death yak
  7859 | D:8      | Killed Maggie
  7923 | D:8      | Noticed a death yak
  8043 | D:8      | Found Gamiuwuh's Jewellery Emporium.
  8078 | D:8      | Found Vacexitz's Book Emporium.
  8109 | D:8      | Reached *** piety under Cheibriados
  8120 | D:8      | Killed Erica
  8193 | D:8      | Noticed a troll
  8203 | D:8      | Killed a troll
  8204 | D:8      | Reached XP level 10. HP: 34/51 MP: 12/16
  8256 | D:8      | Identified the +6 whip "Ettubb" {venom, Drain Str+3 Int+2
                  | Stlth+}
  8278 | D:8      | Found Osun's General Store.
  8363 | D:8      | Noticed a death yak
  8431 | D:8      | Found a staircase to the Lair.
  8449 | D:8      | Killed a death yak
  8450 | D:8      | Reached skill level 10 in Air Magic
  8674 | D:8      | Killed a death yak
  8703 | D:8      | Slain by a death yak

Illustrated notes

Levels and vault maps discovered:
D:1:      dpeg_arrival_circle_labyrinth_c, layout_basic
D:2:      layout_basic, chequers_serial_rivers_micro_b, uniq_natasha,
          uniq_terence
D:3:      layout_basic, gammafunk_ghost_split, portal_sewer_entry_e
D:4:      layout_loops_ring, lemuel_coloured_pillars_altar, serial_shops, shop,
          guppyfry_early_lair_pool
D:5:      layout_basic, grunt_temple_overflow_open, gammafunk_ghost_arena
D:6:      lemuel_slime, layout_basic, minmay_temple_entry_antechambers,
          chequers_serial_rivers_micro_a
D:7:      layout_rooms, trog_antimagical, serial_bayou_lagoon_a,
          amcnicky_mini_corridor_feature, chequers_serial_rivers_small_b,
          chequers_serial_rivers_small_3, chequers_serial_rivers_micro_d
D:8:      layout_loops_ring, vehumet_altar_wand_db, overflow_temple_1_default,
          dpeg_lair_monsters, serial_shops, kennysheep_mini_moat, shop,
          nicolae_shop_rolling_square, shop, shop, nicolae_fountain_basement,
          uniq_erica, uniq_maggie

Skill      XL: |  1  2  3  4  5  6  7  8  9 10 |
---------------+-------------------------------+-----
Transmutations | 3 4 7 9 10 | 10.0
Unarmed Combat | 3 4 5 |  5.0
Poison Magic   | 1 2 |  2.0
Ice Magic      | 2 4 |  4.0
Air Magic      | 5 9 10 | 10.0
Spellcasting   | 6 |  6.4
Fighting       | |  0.7
Dodging        | |  2.4

Action                     |  1- 3 |  4- 6 |  7- 9 | 10-12 || total
---------------------------+-------+-------+-------+-------++-------
  Melee: Unarmed           |    88 |   281 |   297 |    80 ||   746
         Kick              |    20 |    33 |    12 |     6 ||    71
         Punch             |     3 |     2 |     9 |     1 ||    15
         Headbutt          |     7 |    20 |    11 |     5 ||    43
  Throw: Dart              |       |       |       |     1 ||     1
   Cast: Beastly Appendage |    14 |    18 |     5 |     1 ||    38
         Spider Form       |     1 |    14 |     1 |       ||    16
         Ice Form          |       |       |    24 |     4 ||    28
Ability: End Transformatio |       |       |     3 |     2 ||     5
  Evoke: Wand              |       |     1 |     5 |     1 ||     7
    Use: Potion            |     1 |     1 |     1 |     1 ||     4
         Scroll            |       |    12 |     9 |     5 ||    26
   Stab: Sleeping          |     2 |     5 |       |       ||     7
         Distracted        |       |       |     1 |       ||     1
 Armour: Skin              |     5 |    21 |    65 |    16 ||   107
         Robe              |    12 |    46 |    23 |       ||    81
         Steam dragon scal |       |       |    11 |       ||    11
         Troll leather arm |       |       |       |     2 ||     2
  Dodge: Dodged            |    64 |   222 |   191 |    35 ||   512
